 Dungeon Crawl Stone Soup version 0.30-a0-847-g17996783a1 (webtiles) character file.

Game seed: 5550955825731913909

14186 IdlyInterested the Blocker (level 11, -2/81 HPs)
             Began as a Demonspawn Fighter on Feb 24, 2023.
             Slain by a manticore (6 damage)
             ... on level 11 of the Dungeon on Mar 3, 2023.
             The game lasted 00:44:43 (13468 turns).

IdlyInterested the Blocker (Demonspawn Fighter)    Turns: 13468, Time: 00:44:44

Health: -2/81      AC:  9    Str: 17    XL:     11   Next: 85%
Magic:  14/14      EV: 11    Int: 13    God:
Gold:   457        SH: 17    Dex: 13    Spells: 14/14 levels left

rFire   + . .      SeeInvis +    w - +3 demon blade (venom)
rCold   + . .      Faith    .    E - +0 kite shield
rNeg    . . .      Spirit   .    S - +0 steam dragon scales
rPois   +          Reflect  +    L - +1 helmet {SInv}
rElec   +          Rampage  .    s - +0 cloak
rCorr   .                        H - +0 pair of gloves
Will    .....                    (no boots)
Stlth   ++++                     r - amulet of reflection
HPRegen 0.33/turn                b - ring "Xesaonwou" {rElec rPois rC+ Stlth+}
MPRegen 0.14/turn                T - ring of protection from fire

@: mighty, spiked, invisible
A: demonic guardian 2, demonic magic 1, weakness stinger 1
a: no special abilities


You were on level 11 of the Dungeon.
You visited 2 branches of the dungeon, and saw 12 of its levels.
You also visited: Bailey.

You collected 792 gold pieces.
You spent 335 gold pieces at shops.

Inventory:

Hand Weapons
 l - a +2 antimagic falchion
 p - a +0 short sword of speed
 w - a +3 demon blade of venom (weapon)
 D - a +0 rapier
 G - a +1 short sword of freezing
 U - a +0 scimitar
 W - a +5 dagger
 Y - the +3 short sword "Bemoicis" {flame, rPois rN+}
   (You found it on level 9 of the Dungeon)

   rPois:     It protects you from poison.
   rN:        It protects you from negative energy.
Missiles
 e - 91 stones
 g - 43 poisoned darts (quivered)
 o - 21 boomerangs
 B - 5 javelins
 N - a curare-tipped dart
Armour
 c - a +0 buckler
 s - a +0 cloak (worn)
 y - the +1 robe of the Thistle {Int+2}
   (You bought it in a shop on level 2 of the Dungeon)

   Int:       It affects your intelligence (+2).
 E - a +0 kite shield (worn)
 H - a +0 pair of gloves (worn)
 L - a +1 helmet of see invisible (worn)
 Q - the +0 robe "Kuzxeihed" {Will+}
   (You found it on level 10 of the Dungeon)

   Will:      It increases your willpower.
 S - +0 steam dragon scales (worn)
Jewellery
 b - the ring "Xesaonwou" (left hand) {rElec rPois rC+ Stlth+}
   (You acquired it on level 4 of the Dungeon)

   [ring of protection from cold]

   rC:        It protects you from cold.
   rElec:     It insulates you from electricity.
   rPois:     It protects you from poison.
   Stlth:     It makes you more stealthy.
 j - an amulet of magic regeneration
 r - an amulet of reflection (around neck)
 z - a +6 ring of intelligence
 J - the amulet "Cadwue" {Acrobat Dex+4}
   (You found it on level 6 of the Dungeon)

   [amulet of the acrobat]

   It increases your evasion while moving and waiting.
   Dex:       It affects your dexterity (+4).
 R - an amulet of guardian spirit
 T - a ring of protection from fire (right hand)
Wands
 k - a wand of charming (3)
 v - a wand of roots (11)
 M - a wand of flame (19)
Scrolls
 a - 5 scrolls of identify
 h - 3 scrolls of teleportation
 t - a scroll of vulnerability
 u - a scroll of immolation
 A - a scroll of butterflies
 V - a scroll of fog
Potions
 d - a potion of might
 i - 2 potions of attraction
 m - 2 potions of mutation
 n - 2 potions of invisibility
 x - 3 potions of cancellation
 C - 2 potions of haste
 F - 2 potions of berserk rage
 I - 2 potions of lignification
 K - a potion of magic
 O - a potion of brilliance
 P - a potion of flight
 Z - a potion of curing
Miscellaneous
 X - a phantom mirror (inert)


   Skills:
 - Level 6.0 Fighting
 - Level 3.0(7.8) Short Blades
 * Level 11.3(11.5) Long Blades
 - Level 1.0 Throwing
 - Level 2.6 Armour
 - Level 2.0 Dodging
 + Level 5.0 Stealth
 * Level 11.5 Shields
 - Level 2.0 Spellcasting
 - Level 1.0 Evocations


You had 14 spell levels left.
You didn't know any spells.
Your spell library contained the following spells:

 Spells                   Type           Power      Damage    Failure   Level
 Foxfire                  Conj/Fire      4%         2x1d4     45%         1
 Ensorcelled Hibernation  Hex/Ice        2%         N/A       61%         2
 Passwall                 Tmut/Erth      0%         N/A       61%         2
 Sublimation of Blood     Necr           1%         N/A       61%         2
 Hailstorm                Conj/Ice       1%         3d3       83%         3
 Swiftness                Air            1%         N/A       83%         3
 Ice Form                 Ice/Tmut       1%         N/A       99%         4
 Petrify                  Tmut/Erth      1%         N/A       99%         4
 Fireball                 Conj/Fire      0%         3d3       100%        5
 Irradiate                Conj/Tmut      0%         3d11      100%        5
 Simulacrum               Ice/Necr       0%         N/A       100%        6
 Starburst                Conj/Fire      0%         6d3       100%        6


Dungeon Overview and Level Annotations

Branches:
Dungeon (11/15)            Temple (1/1) D:5            Lair (0/5) D:8
    Orc (0/2) D:10         Bailey (visited)

Altars:
Ashenzari
Cheibriados
Dithmenos
Fedhas
Gozag
Hepliaklqana
Kikubaaqudgha
Makhleb
Nemelex Xobeh
Okawaru
Qazlal
Ru
Sif Muna
Trog
Uskayaw
Vehumet
Wu Jian
Xom
Yredelemnul

Shops:
D:2 *   D:7 [

Portals:
Trove: D:10 (give +4 ice dragon scales)

Annotations:
D:11 Urug


Innate Abilities, Weirdness & Mutations

A demonic guardian rushes to your aid.
Spells you cast may paralyse adjacent enemies.
You have a small tail.


Message History

Things that are here:
a +0 short sword; a +0 dagger; a +0 short sword
There is an escape hatch in the floor here.
You slide downwards.
The hatch slams shut behind you.
Okay, then.
Okay, then.
Urug the Orcish Ballista comes into view.
She is wielding a +4 eveningstar.
Found a fizzy coppery potion.
A manticore comes into view.
Urug shouts!
You block Urug's attack.
You hit Urug but do no damage. You block Urug's attack.
You barely miss Urug.
Your tail-slap misses Urug.
You hit Urug but do no damage.
Urug is poisoned.
The manticore flicks its tail.
The volley of spikes hits you.
The barbed spikes become lodged in your body.
Urug hits you with a +4 eveningstar!!
You closely miss Urug.
Urug is lightly wounded.
Urug screams, "Damn your eyes!" You block Urug's attack.
You hit Urug.
Urug looks as sick as possible!
Urug is lightly wounded.
The manticore bites you but does no damage.
The manticore claws you. You block the manticore's attack.
Urug hits you with a +4 eveningstar!
You feel very mighty all of a sudden. You block the manticore's attack.
The manticore claws you. The manticore closely misses you.
Urug hits you with a +4 eveningstar!!
* * * LOW HITPOINT WARNING * * *
A demonic guardian appears!
You fade into invisibility!
Urug squints, then shrugs and mutters, "Close enough."
Urug closely misses you. The manticore bites you.
* * * LOW HITPOINT WARNING * * *
The manticore claws you.
* * * LOW HITPOINT WARNING * * *
The manticore claws you.
You die...

#.. .+ #..
.#+## #.##....
#.....#.#
####.....#.#
### .!........+
.... #.o......#
.##..#H@......#
......3.....#.#
#######.......#
#..#....#+##
#..#.......#
+..........#
#####......#
#.#....#
#......#


You could see Urug (unable to see you, extremely poisoned), a manticore (unable
to see you, ally target) and a friendly soul eater (summoned).

Vanquished Creatures
  2 vault guards (Bailey)
  Erolcha (D:10)
  2 two-headed ogres
  A boulder beetle (D:10)
  Pikel (D:4)
  Maurice (D:8)
  Prince Ribbit (Bailey)
  A hornet (D:8)
  The ghost of cforsyth the Sneak, an amateur KoBr of Hepliaklqana (D:4)
  Eustachio (D:4)
  2 spriggans (D:9)
  2 humans (Bailey)
  7 yaks
  3 steam dragons
  Menkaure (D:7)
  2 wargs (D:8)
  2 swamp worms (D:8)
  A water moccasin (D:6)
  2 orc warriors (D:10)
  3 sky beasts
  3 centaurs
  A phantom (D:4)
  A wolf (D:9)
  2 lemures (D:4)
  2 kobold brigands
  12 bullfrogs
  2 gnoll sergeants
  A scorpion (D:5)
  3 wights (D:9)
  7 killer bees
  5 howler monkeys
  12 orc priests
  Crazy Yiuf (D:7)
  2 hounds (D:4)
  3 jellies
  4 gnoll boudas
  Ijyb (D:3)
  A sleepcap (D:5)
  Natasha (thrice) (D:3)
  16 orc wizards
  Robin (D:4)
  24 gnolls
  7 adders
  A shadow imp (D:7)
  A white imp (D:5)
  An ufetubus (D:6)
  2 worms
  4 dart slugs
  54 orcs
  5 bats
  6 endoplasms
  3 giant cockroaches
  20 goblins
  8 hobgoblins
  A jackal (D:2)
  4 quokkas
  5 ball pythons
  2 frilled lizards (D:2)
  18 kobolds
  5 rats
291 creatures vanquished.

Vanquished Creatures (collateral kills)
  The ghost of jimonade the Basher, a novice OgWr of Okawaru (D:9)
  A komodo dragon (D:10)
  A troll (D:10)
  A spriggan (D:9)
  A human (Bailey)
  3 yaks
  An orc warrior (D:8)
  A centaur (D:9)
  A kobold brigand (D:10)
  A bullfrog (D:7)
  A howler monkey (D:10)
  An iguana (D:7)
  An orc wizard (D:7)
  8 gnolls
  An adder (D:6)
  A white imp (D:7)
  15 orcs
40 creatures vanquished.

Vanquished Creatures (others)
  An orc (D:10)
  12 plants
13 creatures vanquished.

Grand Total: 344 creatures vanquished

Notes
Turn   | Place    | Note
-------+----------+-------------------------------------------
     0 | D:1      | IdlyInterested the Demonspawn Fighter began the quest for
                  | the Orb.
     0 | D:1      | Reached XP level 1. HP: 18/18 MP: 1/1
   512 | D:1      | Reached skill level 1 in Dodging
   512 | D:1      | Gained mutation: Spells you cast may paralyse adjacent
                  | enemies. [demonic ancestry]
   512 | D:1      | Reached XP level 2. HP: 23/24 MP: 2/2
   512 | D:1      | Upgraded the game from 0.30-a0-802-gb92711bcdf to
                  | 0.30-a0-830-gfe289a77b0
   975 | D:2      | Upgraded the game from 0.30-a0-830-gfe289a77b0 to
                  | 0.30-a0-847-g17996783a1
  1113 | D:2      | Found Daunis's Assorted Antiques.
  1116 | D:2      | Bought a scroll labelled HITUERROTHA for 23 gold pieces
  1309 | D:2      | Gained mutation: A weak demonic guardian rushes to your
                  | aid. [demonic ancestry]
  1309 | D:2      | Reached XP level 3. HP: 29/29 MP: 3/3
  1312 | D:2      | Reached skill level 1 in Stealth
  1886 | D:3      | Noticed Ijyb
  1925 | D:3      | Killed Ijyb
  1926 | D:3      | Reached skill level 1 in Short Blades
  1926 | D:3      | Gained mutation: You have a small tail. [demonic ancestry]
  1926 | D:3      | Reached XP level 4. HP: 28/35 MP: 4/4
  2227 | D:3      | Noticed Natasha
  2234 | D:3      | Killed Natasha
  2235 | D:3      | Reached XP level 5. HP: 35/41 MP: 5/5
  2247 | D:3      | Noticed Natasha
  2254 | D:3      | Killed Natasha
  2501 | D:3      | Noticed Natasha
  2511 | D:3      | Killed Natasha
  2814 | D:3      | Found a sacrificial altar of Ru.
  2882 | D:2      | Bought an ichor-stained robe for 131 gold pieces
  2882 | D:2      | Identified the +1 robe of the Thistle {Int+2} (You bought
                  | it in a shop on level 2 of the Dungeon)
  3045 | D:4      | Noticed a lemure
  3068 | D:4      | Reached skill level 1 in Throwing
  3106 | D:4      | Noticed Eustachio
  3110 | D:4      | Killed a lemure
  3116 | D:4      | Gained mutation: A demonic guardian rushes to your aid.
                  | [demonic ancestry]
  3116 | D:4      | Reached XP level 6. HP: 34/47 MP: 6/6
  3153 | D:4      | Killed Eustachio
  3154 | D:4      | Reached skill level 1 in Evocations
  3239 | D:4      | Identified a scroll of acquirement
  3239 | D:4      | Acquired the ring "Xesaonwou" {rElec rPois rC+ Stlth+}
  3418 | D:4      | Found a burning altar of Makhleb.
  3517 | D:4      | Found a runed translucent door.
  3517 | D:4      | Noticed cforsyth's ghost (amateur KoBr)
  3531 | D:4      | Noticed Pikel
  3557 | D:4      | Killed Pikel
  3558 | D:4      | Reached skill level 5 in Long Blades
  3558 | D:4      | Reached skill level 5 in Shields
  3558 | D:4      | Reached XP level 7. HP: 28/53 MP: 7/7
  3737 | D:4      | Reached XP level 8. HP: 60/60 MP: 8/8
  3907 | D:4      | Noticed Robin
  3912 | D:4      | Killed Robin
  4189 | D:4      | Killed cforsyth's ghost
  4343 | D:5      | Entered Level 5 of the Dungeon
  4586 | D:5      | Found a staircase to the Ecumenical Temple.
  4685 | D:5      | Found an ornate altar of the Wu Jian Council.
  5013 | Temple   | Entered the Ecumenical Temple
  5617 | D:6      | Found a sparkling altar of Nemelex Xobeh.
  5792 | D:6      | Identified the amulet "Cadwue" {Acrobat Dex+4}
  5800 | D:6      | Found a stormy altar of Qazlal.
  6051 | D:6      | Found a radiant altar of Vehumet.
  6113 | D:6      | Reached XP level 9. HP: 65/65 MP: 9/9
  6208 | D:7      | Found a flagged portal.
  6223 | Bailey   | Entered a bailey
  6755 | Bailey   | Noticed Prince Ribbit
  6755 | Bailey   | Noticed a vault guard
  6768 | Bailey   | Killed a vault guard
  6769 | Bailey   | Reached skill level 1 in Spellcasting
  6776 | Bailey   | Killed Prince Ribbit
  6837 | Bailey   | Noticed a vault guard
  6858 | Bailey   | Killed a vault guard
  6859 | Bailey   | Reached XP level 10. HP: 71/71 MP: 13/13
  7195 | D:7      | Found Ceiffyl's Armour Boutique.
  7654 | D:7      | Noticed Menkaure
  7660 | D:7      | Killed Menkaure
  8341 | D:7      | Found a runed translucent door.
  8342 | D:7      | Noticed Crazy Yiuf
  8480 | D:7      | Killed Crazy Yiuf
  8554 | D:7      | Bought a +1 helmet of see invisible for 181 gold pieces
  8841 | D:8      | Noticed a two-headed ogre
  8849 | D:8      | Killed a two-headed ogre
  9031 | D:8      | Noticed Maurice
  9045 | D:8      | Killed Maurice
  9104 | D:8      | Reached skill level 5 in Fighting
  9317 | D:8      | Found a staircase to the Lair.
  9502 | D:8      | Reached skill level 10 in Shields
 10202 | D:9      | Found a runed translucent door.
 10205 | D:9      | Noticed jimonade's ghost (novice OgWr)
 10207 | D:9      | Identified the +8 spear "Worm" {venom, Str+3}
 10218 | D:9      | Reached XP level 11. HP: 75/80 MP: 14/14
 10358 | D:9      | Reached skill level 10 in Long Blades
 10874 | D:9      | Identified the +3 short sword "Bemoicis" {flame, rPois rN+}
 11121 | D:9      | Killed jimonade's ghost
 11395 | D:10     | Entered Level 10 of the Dungeon
 11395 | D:10     | Noticed Erolcha
 11409 | D:10     | Killed Erolcha
 11586 | D:10     | Found a shadowy altar of Dithmenos.
 11602 | D:10     | Noticed a boulder beetle
 11612 | D:10     | Killed a boulder beetle
 12167 | D:10     | Found a staircase to the Orcish Mines.
 12323 | D:10     | Found a shimmering altar of Xom.
 12323 | D:10     | Found a shimmering altar of Xom.
 12324 | D:10     | Found a shimmering altar of Xom.
 12439 | D:10     | Found a shimmering altar of Xom.
 12440 | D:10     | Found a shimmering altar of Xom.
 12440 | D:10     | Found a shimmering altar of Xom.
 12440 | D:10     | Found a shimmering altar of Xom.
 12657 | D:10     | Identified the +0 robe "Kuzxeihed" {Will+}
 12678 | D:10     | Noticed a two-headed ogre
 12689 | D:10     | Killed a two-headed ogre
 12991 | D:10     | Found a portal to a secret trove of treasure.
 13040 | D:10     | Reached skill level 5 in Stealth
 13043 | D:10     | Found an iron altar of Okawaru.
 13046 | D:10     | Found an opulent altar of Gozag.
 13454 | D:11     | Noticed Urug
 13468 | D:11     | HP: 4/81 [manticore (1)]
 13468 | D:11     | Slain by a manticore

Illustrated notes

Levels and vault maps discovered:
D:1:      lemuel_arrival_cross, layout_basic, serial_bayou,
          serial_bayou_shore_a, serial_bayou_lake_a, serial_bayou_ford_a,
          serial_bayou_crossing, serial_bayou_lagoon_b
D:2:      minmay_angry_zag, layout_loops_ring, serial_shops, shop
D:3:      layout_loops_ring, nicolae_ru_path_of_blood, uniq_ijyb, uniq_natasha
D:4:      layout_loops_ring, overflow_temple_1_default,
          ebering_ghost_inner_flame, wad_orctagon, uniq_robin, uniq_pikel,
          uniq_eustachio
D:5:      layout_cave_pools, mainiacjoe_overflow_small_starburst,
          minmay_temple_entry_mini_moons
D:6:      layout_loops_ring, mainiacjoe_overflow_alcove_2, jmf_multi_god_temple
D:7:      layout_basic, serial_rivers, chequers_serial_rivers_large_b,
          chequers_serial_rivers_micro_b, chequers_serial_rivers_small_a,
          chequers_serial_rivers_micro_d, chequers_serial_rivers_marsh,
          chequers_serial_rivers_micro_e, serial_shops, shop,
          lightli_bailey_entry_fortress, uniq_crazy_yiuf_cottage, uniq_menkaure
D:8:      layout_loops_corners, erik_lair_orcish_takeover, worms_lemuel,
          uniq_maurice
D:9:      layout_rooms, ebering_ghost_funeral_grove,
          nicolae_concentric_dashed_squares_mild
D:10:     layout_long_grid, mainiacjoe_overflow_cross_hatched, xom_shifter_show,
          grunt_temple_overflow_diamond, hiddenorc2_lemuel, enter_trove_3,
          uniq_erolcha
D:11:     layout_stronghold, uniq_urug, uniq_josephine
Temple:   bh_familiar_temple

Skill      XL: |  1  2  3  4  5  6  7  8  9 10 11 |
---------------+----------------------------------+-----
Long Blades    | 2 3 5 6 8 9 11 | 11.3
Dodging        | 1 2 |  2.0
Stealth        | 1 3 4 5 |  5.0
Short Blades   | 1 2 3 |  3.0
Shields        | 3 5 7 8 10 11 | 11.5
Throwing       | 1 |  1.0
Evocations     | 1 |  1.0
Fighting       | 4 5 6 |  6.0
Spellcasting   | 2 |  2.0
Armour         | |  2.6

Action                     |  1- 3 |  4- 6 |  7- 9 | 10-12 || total
---------------------------+-------+-------+-------+-------++-------
  Melee: Long sword        |   146 |    54 |       |       ||   200
         Tailslap          |       |    10 |    40 |    70 ||   120
         Demon blade       |       |    98 |   259 |   481 ||   838
  Throw: Stone             |     1 |       |    16 |       ||    17
         Dart              |       |     2 |     7 |    20 ||    29
         Javelin           |       |       |       |     1 ||     1
  Evoke: Wand              |       |       |     1 |     9 ||    10
         Phantom mirror    |       |       |       |     1 ||     1
    Use: Scroll            |     4 |     3 |     3 |    11 ||    21
         Potion            |     2 |     2 |     2 |     6 ||    12
   Stab: Distracted        |       |     1 |     1 |     5 ||     7
         Sleeping          |       |     1 |     3 |     7 ||    11
         Invisible         |       |       |       |     1 ||     1
 Armour: Scale mail        |    57 |    40 |       |       ||    97
         Leather armour    |       |     3 |    73 |   109 ||   185
         Steam dragon scal |       |       |       |     1 ||     1
  Dodge: Dodged            |    68 |    45 |    74 |   115 ||   302
  Block: Buckler           |    55 |    70 |    65 |       ||   190
         Reflection        |     1 |       |     3 |    17 ||    21
         Kite shield       |       |       |   129 |   399 ||   528

Table legend: (Time is in decaauts)
 A = Elapsed time spent in this place.
 B = Non-inter-level travel time spent in this place.
 C = Inter-level travel time spent in this place.
 D = Time resting spent in this place.
 E = Time spent auto-exploring this place.
 F = Levels seen in this place.
 G = Mean time per level.
                   A        B        C        D        E       F      G
               +--------+--------+--------+--------+--------+-----+--------+
         Total |  13697 |  12014 |   1683 |   2730 |   5984 |  13 | 1053.6 |
       Dungeon |  12657 |  10987 |   1670 |   2143 |   5756 |  11 | 1150.6 |
        Temple |    187 |    175 |     12 |      0 |    152 |   1 |  187.0 |
        Bailey |    852 |    852 |      0 |    587 |     76 |   1 |  852.0 |
               +--------+--------+--------+--------+--------+-----+--------+

Top non-repeatable levels by time:
    D:10: 1869 daAuts
     D:7: 1649 daAuts
     D:8: 1498 daAuts
     D:4: 1347 daAuts
     D:9: 1315 daAuts
     D:3: 1146 daAuts
     D:1: 1077 daAuts
     D:6: 1016 daAuts
     D:2: 997 daAuts
  Bailey: 852 daAuts
     D:5: 718 daAuts
  Temple: 187 daAuts
    D:11: 19 daAuts
